 Dungeon Crawl Stone Soup version 0.22.1-2-g9c5b331383 (webtiles) character file.

0 Gargoyl the Skirmisher (level 1, -8/19 HPs)
             Began as a Centaur Abyssal Knight on Jan 4, 2019.
             Was a Follower of Lugonu.
             Mangled by a small abomination (11 damage)
             ... on level 2 of the Abyss.
             The game lasted 00:00:23 (111 turns).

Gargoyl the Skirmisher (Centaur Abyssal Knight)      Turns: 111, Time: 00:00:24

Health: -8/19      AC:  4    Str: 14    XL:     1   Next: 0%
Magic:  2/2        EV:  9    Int: 11    God:    Lugonu [*.....]
Gold:   0          SH:  0    Dex:  8    Spells: 0/0 levels left

rFire    . . .     SeeInvis .   a - +1 hand axe
rCold    . . .     Gourm    .   (no shield)
rNeg     . . .     Faith    .   b - +0 leather armour
rPois    .         Spirit   .   (no helmet)
rElec    .         Reflect  .   (no cloak)
rCorr    .         Harm     .   (no gloves)
MR       .....                  (no barding)
Stlth    ..........             (no amulet)
HPRegen  0.06/turn              (no ring)
MPRegen  0.08/turn              (no ring)

@: very quick
A: large, hooves 3, deformed body, speed 2, tough skin 3
a: Depart the Abyss, Renounce Religion


You were on level 2 of the Abyss.
You worshipped Lugonu.
Lugonu was aware of your devotion.
You were not hungry.

You visited 0 branches of the dungeon, and saw 0 of its levels.
You visited the Abyss 1 time.

Inventory:

Hand Weapons
 a - a +1 hand axe (weapon)
Armour
 b - a +0 leather armour (worn)
Comestibles
 c - a ration


   Skills:
 + Level 3.0 Fighting
 + Level 1.7 Axes
 + Level 1.3 Armour
 + Level 0.6 Dodging
 + Level 2.0 Invocations


You couldn't memorise any spells.
You didn't know any spells.
Your spell library was empty.

Dungeon Overview and Level Annotations

Branches:
Dungeon (0/15)

Altars:


Innate Abilities, Weirdness & Mutations

You have hooves in place of feet.
Armour fits poorly on your strangely shaped body.
You cover ground very quickly.
You have extremely tough skin. (AC +3)


Message History

2 starspawn tentacles come into view.
Unknown command.
The glowing orange brain pulsates.
Unknown command.
You feel less confused.
The naga warrior shouts!
The naga shouts! x2
The small abomination hits you.
* * * LOW HITPOINT WARNING * * *
The guardian serpent casts a spell at you.
You struggle to resist.
The glowing orange brain pulsates.
Something tries to feed on your intellect!
Unknown command.
You hit the glowing orange brain. You kick the glowing orange brain.
The glowing orange brain is moderately wounded.
You closely miss the small abomination.
You hit the small abomination but do no damage.
The small abomination hits you!
Ouch! That really hurt!
You die...

..≈
#.....#.....#.....#.
..≈###...###...## ..###
..≈.#.....#.X..>#..
..#.
≈≈≈..N....──│.......
... ≈≈.N.N.Λ./h/.....
.. ...
..≈.≈/.Vw─4............
≈#wShhh#.....#..... .
##..x###..h###...###
#≈≈@G.#....h# ....
.≈...≈≈.x......... ..
.....≈............
.≈≈..≈≈......:....
.≈#t≈≈.###≈..###.. .
#≈≈≈≈ ≈...# .≈≈≈≈ ≈....
.#.≈≈. ≈..#


You could see a naga warrior, a tentacled starspawn, a glowing orange brain, an
apocalypse crab, a guardian serpent, 4 raiju, a red devil, 2 nagas, 2 small
abominations and 2 starspawn tentacles.

Vanquished Creatures (others)
  2 starspawn tentacles (Abyss:2)
2 creatures vanquished.

Notes
Turn   | Place    | Note
-------+----------+-------------------------------------------
     0 | Abyss:1  | Gargoyl the Centaur Abyssal Knight began the quest for the
                  | Orb.
     0 | Abyss:1  | Reached XP level 1. HP: 19/19 MP: 2/2
    58 | Abyss:2  | Noticed a freezing wraith
    80 | Abyss:2  | Noticed a sixfirhy
    85 | Abyss:2  | Noticed a tentacled starspawn
    87 | Abyss:2  | Noticed an eye of draining
    87 | Abyss:2  | Noticed a small abomination
    93 | Abyss:2  | Noticed a red devil
   100 | Abyss:2  | Noticed a raiju
   100 | Abyss:2  | Noticed a raiju
   100 | Abyss:2  | Noticed a glowing orange brain
   101 | Abyss:2  | Noticed a raiju
   101 | Abyss:2  | Noticed a raiju
   107 | Abyss:2  | Noticed an apocalypse crab
   109 | Abyss:2  | Noticed a raiju
   109 | Abyss:2  | a shapeshifter changed into a raiju
   110 | Abyss:2  | Noticed a guardian serpent
   110 | Abyss:2  | Noticed a naga warrior
   110 | Abyss:2  | Noticed a naga
   110 | Abyss:2  | Noticed a naga
   110 | Abyss:2  | Noticed a small abomination
   111 | Abyss:2  | Mangled by a small abomination

Action                   || total
-------------------------++-------
Melee: Hand axe          ||     2
       Kick              ||     1
Armor: Leather armour    ||     1
Dodge: Dodged            ||     1
